TOP OF THE 1ST |
Binghamton Mets batting - Pitching for Atlanta (MID) Braves : LHP Aaron Manees
|
Pitching: LHP Aaron Manees
|
|
Batting: RHB Oscar Bravo
|
0-0: Ball 1-0: SOLO HOME RUN (Flyball, 78XD, EV 111.9 MPH), Distance : 424 ft
|
Batting: SHB Jason Evans
|
0-0: Foul Ball, location: 2F 0-1: SOLO HOME RUN (Line Drive, 78XD, EV 105.0 MPH), Distance : 402 ft
|
Batting: RHB Mike Hanks
|
0-0: Fly out, F9 (Flyball, 9, EV 93.1 MPH)
|
Batting: RHB Nate Henderson
|
0-0: Called Strike 0-1: Foul Ball, location: 2F 0-2: Ball 1-2: Ground out 5-3 (Groundball, 15, EV 89.4 MPH)
|
Batting: SHB Jerry Burrows
|
0-0: Ball 1-0: Ball 2-0: Called Strike 2-1: Ground out 6-3 (Groundball, 6, EV 86.2 MPH)
|
Top of the 1st over - 2 runs, 2 hits, 0 errors, 0 left on base; Binghamton 2 - Atlanta (MID) 0 |
BOTTOM OF THE 1ST |
Atlanta (MID) Braves batting - Pitching for Binghamton Mets : RHP Antonio Perez
|
Pitching: RHP Antonio Perez
|
|
Batting: RHB Toki Takeuchi
|
0-0: Ball 1-0: Ball 2-0: Ball 3-0: Called Strike 3-1: Called Strike 3-2: Ground out 5-3 (Groundball, 5L, EV 83.8 MPH)
|
Batting: RHB Nick Holsinger
|
0-0: Ball 1-0: Foul Ball, location: 2F 1-1: Swinging Strike 1-2: Ball 2-2: Ball 3-2: Reached on error, E5 (Groundball, 56, EV 96.9 MPH)
|
Batting: RHB Zheng-ze King
|
0-0: TRIPLE (Line Drive, 78XD, EV 103.8 MPH) Nick Holsinger scores
|
Batting: SHB Richello Badua
|
0-0: Called Strike 0-1: Swinging Strike 0-2: SINGLE (Line Drive, 6D, EV 104.4 MPH) Zheng-ze King scores
|
Batting: RHB Josh McCormick
|
0-0: Called Strike 0-1: Ball 1-1: Ball Richello Badua is caught stealing 2nd base 2-4 2-1: Called Strike 2-2: Ball 3-2: Strikes out swinging
|
Bottom of the 1st over - 2 runs, 2 hits, 1 error, 0 left on base; Binghamton 2 - Atlanta (MID) 2 |
TOP OF THE 2ND |
Binghamton Mets batting - Pitching for Atlanta (MID) Braves : LHP Aaron Manees
|
Batting: RHB Gang-sheng Chew
|
0-0: Ball 1-0: SOLO HOME RUN (Flyball, 89XD, EV 107.5 MPH), Distance : 426 ft
|
Batting: LHB Zane Kelton
|
0-0: Ground out 4-3 (Groundball, 4, EV 107.5 MPH)
|
Batting: RHB Rich Cracchiolo
|
0-0: Called Strike 0-1: Ball 1-1: SINGLE (Groundball, 6MD, EV 99.4 MPH)
|
Batting: LHB Jamel Alexander
|
0-0: Ball 1-0: Ball 2-0: Ball 3-0: Base on Balls Rich Cracchiolo to second
|
Batting: RHB Oscar Bravo
|
0-0: Ball 1-0: Ball 2-0: Fly out, F7 (Flyball, 7S, EV 84.4 MPH)
|
Batting: SHB Jason Evans
|
0-0: Ball 1-0: Ball 2-0: Ball 3-0: Called Strike 3-1: Called Strike 3-2: Foul Ball, location: 2F 3-2: Ground out U3 (Groundball, 3S, EV 73.8 MPH)
|
Top of the 2nd over - 1 run, 2 hits, 0 errors, 2 left on base; Binghamton 3 - Atlanta (MID) 2 |
BOTTOM OF THE 2ND |
Atlanta (MID) Braves batting - Pitching for Binghamton Mets : RHP Antonio Perez
|
Batting: LHB Oke Monti
|
0-0: Ball 1-0: Foul Ball, location: 2F 1-1: Foul Ball, location: 2F 1-2: Ball 2-2: Ball 3-2: Strikes out swinging
|
Batting: LHB Ryan Murdock
|
0-0: Ball 1-0: Ball 2-0: Called Strike 2-1: SINGLE (Groundball, 4MD, EV 96.2 MPH)
|
Batting: RHB Gerard Michel
|
0-0: Ball 1-0: Swinging Strike 1-1: Foul Ball, location: 2F 1-2: Strikes out swinging
|
Batting: LHB Joe Phillips
|
0-0: Foul Ball, location: 2F 0-1: Ball 1-1: Fly out, F7 (Flyball, 7, EV 93.1 MPH)
|
Bottom of the 2nd over - 0 runs, 1 hit, 0 errors, 1 left on base; Binghamton 3 - Atlanta (MID) 2 |
TOP OF THE 3RD |
Binghamton Mets batting - Pitching for Atlanta (MID) Braves : LHP Aaron Manees
|
Batting: RHB Mike Hanks
|
0-0: Fly out, F9 (Line Drive, 89S, EV 92.5 MPH)
|
Batting: RHB Nate Henderson
|
0-0: Called Strike 0-1: Ball 1-1: Ball 2-1: Ground out U3 (Groundball, 34S, EV 65.0 MPH)
|
Batting: SHB Jerry Burrows
|
0-0: Foul Ball, location: 2F 0-1: Hit by Pitch
|
Batting: RHB Gang-sheng Chew
|
0-0: Ball 1-0: Called Strike 1-1: Ball 2-1: Fielders Choice at 2nd, 6-4 (Groundball, 6, EV 81.9 MPH)
|
Top of the 3rd over - 0 runs, 0 hits, 0 errors, 1 left on base; Binghamton 3 - Atlanta (MID) 2 |
BOTTOM OF THE 3RD |
Atlanta (MID) Braves batting - Pitching for Binghamton Mets : RHP Antonio Perez
|
Batting: RHB Toki Takeuchi
|
0-0: Swinging Strike 0-1: Ball 1-1: Ball 2-1: Swinging Strike 2-2: Foul Ball, location: 2F 2-2: DOUBLE (Line Drive, 5D, EV 98.8 MPH)
|
Batting: RHB Nick Holsinger
|
0-0: Called Strike Toki Takeuchi steals 3rd base 0-1: Called Strike 0-2: Ball 1-2: Strikes out swinging
|
Batting: RHB Zheng-ze King
|
0-0: Called Strike 0-1: Foul Ball, location: 2F 0-2: Strikes out swinging
|
Batting: SHB Richello Badua
|
0-0: Ball 1-0: Ball 2-0: Called Strike 2-1: Ball 3-1: Fly out, F8 (Flyball, 8RS, EV 93.8 MPH)
|
Bottom of the 3rd over - 0 runs, 1 hit, 0 errors, 1 left on base; Binghamton 3 - Atlanta (MID) 2 |
TOP OF THE 4TH |
Binghamton Mets batting - Pitching for Atlanta (MID) Braves : LHP Aaron Manees
|
Batting: LHB Zane Kelton
|
0-0: Ball 1-0: Foul Ball, location: 2F 1-1: Ball 2-1: Called Strike 2-2: SINGLE (Line Drive, 8LS, EV 100.6 MPH)
|
Batting: RHB Rich Cracchiolo
|
0-0: Ball 1-0: Foul Ball, location: 2F 1-1: Called Strike 1-2: Grounds into double play, 4-6-3 (Groundball, 4M, EV 82.5 MPH)
|
Batting: LHB Jamel Alexander
|
0-0: Ball 1-0: Ground out 5-3 (Groundball, 56S, EV 87.5 MPH)
|
Top of the 4th over - 0 runs, 1 hit, 0 errors, 0 left on base; Binghamton 3 - Atlanta (MID) 2 |
BOTTOM OF THE 4TH |
Atlanta (MID) Braves batting - Pitching for Binghamton Mets : RHP Antonio Perez
|
Batting: RHB Josh McCormick
|
0-0: Foul Ball, location: 2F 0-1: Called Strike 0-2: Strikes out swinging
|
Batting: LHB Oke Monti
|
0-0: Called Strike 0-1: Ball 1-1: Called Strike 1-2: Ball 2-2: Foul Ball, location: 2F 2-2: Ground out 4-3 (Groundball, 4, EV 95.6 MPH)
|
Batting: LHB Ryan Murdock
|
0-0: Swinging Strike 0-1: Ball 1-1: Foul Ball, location: 2F 1-2: Foul Ball, location: 2F 1-2: Strikes out swinging
|
Bottom of the 4th over - 0 runs, 0 hits, 0 errors, 0 left on base; Binghamton 3 - Atlanta (MID) 2 |
TOP OF THE 5TH |
Binghamton Mets batting - Pitching for Atlanta (MID) Braves : LHP Aaron Manees
|
Batting: RHB Oscar Bravo
|
0-0: Ball 1-0: Ground out 1-3 (Groundball, 13, EV 68.1 MPH)
|
Batting: SHB Jason Evans
|
0-0: Ground out 6-3 (Groundball, 6S, EV 83.8 MPH)
|
Batting: RHB Mike Hanks
|
0-0: Ground out 6-3 (Groundball, 6S, EV 84.4 MPH)
|
Top of the 5th over - 0 runs, 0 hits, 0 errors, 0 left on base; Binghamton 3 - Atlanta (MID) 2 |
BOTTOM OF THE 5TH |
Atlanta (MID) Braves batting - Pitching for Binghamton Mets : RHP Antonio Perez
|
Batting: RHB Gerard Michel
|
0-0: SINGLE (Groundball, 34D, EV 106.2 MPH)
|
Batting: LHB Joe Phillips
|
0-0: Called Strike 0-1: Called Strike 0-2: Fielders Choice at 2nd, 4-6 (Groundball, 34, EV 93.8 MPH)
|
Batting: RHB Toki Takeuchi
|
0-0: Called Strike 0-1: Foul Ball, location: 2F 0-2: Strikes out swinging
|
Batting: RHB Nick Holsinger
|
0-0: Ball 1-0: Fly out, F9 (Line Drive, 9, EV 91.9 MPH)
|
Bottom of the 5th over - 0 runs, 1 hit, 0 errors, 1 left on base; Binghamton 3 - Atlanta (MID) 2 |
TOP OF THE 6TH |
Binghamton Mets batting - Pitching for Atlanta (MID) Braves : LHP Aaron Manees
|
Batting: RHB Nate Henderson
|
0-0: Ball 1-0: Ball 2-0: Swinging Strike 2-1: Ball 3-1: SINGLE (Groundball, 34D, EV 106.9 MPH)
|
Batting: SHB Jerry Burrows
|
0-0: Ball 1-0: Called Strike 1-1: Foul Ball, location: 2F 1-2: Ball 2-2: Foul Ball, location: 2F 2-2: Ball Wild Pitch! Nate Henderson to second 3-2: Strikes out swinging
|
Batting: RHB Gang-sheng Chew
|
0-0: Intentional Walk
|
Batting: LHB Zane Kelton
|
0-0: Foul Ball, location: 2F 0-1: Foul Ball, location: 2F 0-2: Foul Ball, location: 2F 0-2: Fielders Choice at 2nd, 4-6 (Groundball, 4S, EV 88.1 MPH) Nate Henderson to third
|
Batting: RHB Rich Cracchiolo
|
0-0: Ball 1-0: Fly out, F8 (Flyball, 8LD, EV 100.0 MPH)
|
Top of the 6th over - 0 runs, 1 hit, 0 errors, 2 left on base; Binghamton 3 - Atlanta (MID) 2 |
BOTTOM OF THE 6TH |
Atlanta (MID) Braves batting - Pitching for Binghamton Mets : RHP Antonio Perez
|
Batting: RHB Zheng-ze King
|
0-0: Called Strike 0-1: Ball 1-1: Ball 2-1: DOUBLE (Line Drive, 7LS, EV 96.2 MPH)
|
Batting: SHB Richello Badua
|
0-0: Called Strike 0-1: Fly out, F8 (Flyball, 8RM, EV 85.0 MPH)
|
Batting: RHB Josh McCormick
|
0-0: Ball 1-0: Called Strike 1-1: Ball Zheng-ze King steals 3rd base 2-1: Fly out, F8 (Flyball, 8RD, EV 108.1 MPH)
|
Batting: LHB Oke Monti
|
0-0: Ball 1-0: Ball 2-0: Ball 3-0: Base on Balls
|
Batting: LHB Ryan Murdock
|
0-0: Ground out U3 (Groundball, 3, EV 85.6 MPH)
|
Bottom of the 6th over - 0 runs, 1 hit, 0 errors, 2 left on base; Binghamton 3 - Atlanta (MID) 2 |
TOP OF THE 7TH |
Binghamton Mets batting - Pitching for Atlanta (MID) Braves : LHP Aaron Manees
|
Batting: LHB Jamel Alexander
|
0-0: Called Strike 0-1: Foul Ball, location: 2F 0-2: Ground out 5-3 (Groundball, 56, EV 103.8 MPH)
|
Batting: RHB Oscar Bravo
|
0-0: Foul Ball, location: 2F 0-1: Ball 1-1: Ball 2-1: Ball 3-1: Base on Balls
|
Batting: SHB Jason Evans
|
0-0: Called Strike 0-1: Called Strike Oscar Bravo is caught stealing 2nd base 2-4 0-2: Ball 1-2: Ground out 5-3 (Groundball, 5L, EV 81.9 MPH)
|
Top of the 7th over - 0 runs, 0 hits, 0 errors, 0 left on base; Binghamton 3 - Atlanta (MID) 2 |
BOTTOM OF THE 7TH |
Atlanta (MID) Braves batting - Pitching for Binghamton Mets : RHP Antonio Perez
|
Batting: RHB Gerard Michel
|
0-0: Ball 1-0: Fly out, F8 (Flyball, 78M, EV 81.2 MPH)
|
Batting: LHB Joe Phillips
|
0-0: Ball 1-0: Ground out 6-3 (Groundball, 6, EV 106.2 MPH)
|
Batting: RHB Toki Takeuchi
|
0-0: Ball 1-0: Foul Ball, location: 2F 1-1: Ball 2-1: Swinging Strike 2-2: Strikes out swinging
|
Bottom of the 7th over - 0 runs, 0 hits, 0 errors, 0 left on base; Binghamton 3 - Atlanta (MID) 2 |
TOP OF THE 8TH |
Binghamton Mets batting - Pitching for Atlanta (MID) Braves : LHP Aaron Manees
|
Batting: RHB Mike Hanks
|
0-0: Ball 1-0: SINGLE (Groundball, 6MD, EV 93.8 MPH)
|
Batting: RHB Nate Henderson
|
0-0: Ball 1-0: Foul Ball, location: 2F 1-1: SINGLE (Groundball, 34S, EV 69.4 MPH) (infield hit) Mike Hanks to second
|
Pinch Runner at 2nd Chris Keziah:
|
|
Batting: SHB Jerry Burrows
|
0-0: Foul Ball, location: 2F 0-1: Swinging Strike 0-2: Foul Ball, location: 2F 0-2: Ball 1-2: Fielders Choice at 2nd, 5-4 (Groundball, 56S, EV 83.8 MPH) Chris Keziah to third
|
Batting: RHB Gang-sheng Chew
|
0-0: Fly out, F8 (Flyball, 8RD, EV 95.6 MPH) Runner from 3rd tags up, SCORES, throw by CF
|
Pitching: LHP Darius Brown
|
|
Batting: LHB Zane Kelton
|
0-0: Called Strike 0-1: Called Strike 0-2: Foul Ball, location: 2F 0-2: Ball 1-2: Ball 2-2: Ground out 4-3 (Groundball, 4, EV 103.1 MPH)
|
Top of the 8th over - 1 run, 2 hits, 0 errors, 1 left on base; Binghamton 4 - Atlanta (MID) 2 |
BOTTOM OF THE 8TH |
Atlanta (MID) Braves batting - Pitching for Binghamton Mets : RHP Antonio Perez
|
Batting: RHB Nick Holsinger
|
0-0: Ball 1-0: Swinging Strike 1-1: Called Strike 1-2: Ball 2-2: Ball 3-2: Strikes out looking
|
Pitching: LHP Scott Carr
|
|
Batting: RHB Zheng-ze King
|
0-0: Swinging Strike 0-1: Foul Ball, location: 2F 0-2: Ball 1-2: Ball 2-2: Foul Ball, location: 2F 2-2: Foul Ball, location: 2F 2-2: Ground out 4-3 (Groundball, 4D, EV 104.4 MPH)
|
Batting: SHB Richello Badua
|
0-0: Foul Ball, location: 2F 0-1: Called Strike 0-2: Ball 1-2: Ball 2-2: Ball 3-2: Foul Ball, location: 2F 3-2: Base on Balls
|
Batting: RHB Josh McCormick
|
0-0: Called Strike 0-1: Foul Ball, location: 2F 0-2: Ball 1-2: 2-RUN HOME RUN (Flyball, 7D, EV 96.2 MPH), Distance : 371 ft
|
Batting: LHB Oke Monti
|
0-0: Called Strike 0-1: Called Strike 0-2: Strikes out looking
|
Bottom of the 8th over - 2 runs, 1 hit, 0 errors, 0 left on base; Binghamton 4 - Atlanta (MID) 4 |
TOP OF THE 9TH |
Binghamton Mets batting - Pitching for Atlanta (MID) Braves : LHP Darius Brown
|
Batting: RHB Rich Cracchiolo
|
0-0: Called Strike 0-1: Ball 1-1: Swinging Strike 1-2: Ball 2-2: Ball 3-2: Foul Ball, location: 2F 3-2: Base on Balls
|
Pinch Hitting: LHB Bayesa Mundhir
|
0-0: Called Strike 0-1: Called Strike 0-2: Strikes out swinging
|
Batting: RHB Oscar Bravo
|
0-0: Called Strike 0-1: Swinging Strike 0-2: Ball 1-2: Ball 2-2: Strikes out swinging
|
Batting: SHB Jason Evans
|
0-0: Swinging Strike 0-1: Ball 1-1: Ball 2-1: Called Strike 2-2: Ball 3-2: Ground out 6-3 (Groundball, 6, EV 102.5 MPH)
|
Top of the 9th over - 0 runs, 0 hits, 0 errors, 1 left on base; Binghamton 4 - Atlanta (MID) 4 |
BOTTOM OF THE 9TH |
Atlanta (MID) Braves batting - Pitching for Binghamton Mets : LHP Scott Carr
|
Pitching: LHP Dan Bremseth
|
|
Now in LF: Bayesa Mundhir
|
|
Now in CF: Jason Evans
|
|
Now in RF: Rich Cracchiolo
|
|
Pinch Hitting: RHB Terry Hughes
|
0-0: Called Strike 0-1: Swinging Strike 0-2: Ball 1-2: Strikes out swinging
|
Batting: RHB Gerard Michel
|
0-0: Ball 1-0: Ground out 5-3 (Groundball, 56S, EV 80.6 MPH)
|
Pinch Hitting: RHB Badr al Din Ridha
|
0-0: Called Strike 0-1: Ball 1-1: Ball 2-1: Foul Ball, location: 2F 2-2: Foul Ball, location: 2F 2-2: Foul Ball, location: 2F 2-2: Foul Ball, location: 2F 2-2: Foul Ball, location: 2F 2-2: DOUBLE (Line Drive, 5D, EV 102.5 MPH)
|
Batting: RHB Toki Takeuchi
|
0-0: Reached on error, E5 (Groundball, 56, EV 88.1 MPH) Badr al Din Ridha to third
|
Batting: RHB Nick Holsinger
|
0-0: Called Strike 0-1: Ball 1-1: Ball 2-1: Ball 3-1: Base on Balls Toki Takeuchi to second
|
Batting: RHB Zheng-ze King
|
0-0: Foul Ball, location: 2F 0-1: Ball 1-1: Foul Ball, location: 2F 1-2: Fielders Choice at 2nd, U6 (Groundball, 6M, EV 87.5 MPH)
|
Bottom of the 9th over - 0 runs, 1 hit, 1 error, 3 left on base; Binghamton 4 - Atlanta (MID) 4 |
TOP OF THE 10TH |
Binghamton Mets batting - Pitching for Atlanta (MID) Braves : LHP Darius Brown
|
Pitching: LHP Justin Hawk
|
|
Now at 2B: Malik Boulay
|
|
Now at 3B: Gerard Michel
|
|
Now at SS: Zheng-ze King
|
|
Now in LF: Badr al Din Ridha
|
|
Batting: SHB Chris Keziah
|
0-0: Swinging Strike 0-1: Ball 1-1: Foul Ball, location: 2F 1-2: Strikes out swinging
|
Batting: RHB Nate Henderson
|
0-0: Ball 1-0: Ball 2-0: Called Strike 2-1: Swinging Strike 2-2: Strikes out swinging
|
Batting: SHB Jerry Burrows
|
0-0: Ball 1-0: Ball 2-0: Ball 3-0: Called Strike 3-1: Foul Ball, location: 2F 3-2: Strikes out looking
|
Top of the 10th over - 0 runs, 0 hits, 0 errors, 0 left on base; Binghamton 4 - Atlanta (MID) 4 |
BOTTOM OF THE 10TH |
Atlanta (MID) Braves batting - Pitching for Binghamton Mets : LHP Dan Bremseth
|
Batting: SHB Richello Badua
|
0-0: Swinging Strike 0-1: Swinging Strike 0-2: Strikes out swinging
|
Batting: RHB Josh McCormick
|
0-0: Ball 1-0: DOUBLE (Flyball, 8RXD, EV 99.4 MPH)
|
Batting: LHB Oke Monti
|
0-0: Intentional Walk
|
Pinch Runner at 2nd George Provance:
|
|
Pinch Hitting: RHB Adonis Jenifer
|
0-0: Called Strike 0-1: Called Strike 0-2: Strikes out swinging
|
Batting: RHB Gerard Michel
|
0-0: Ball 1-0: Ball 2-0: Called Strike 2-1: Ground out 5-3 (Groundball, 56S, EV 78.8 MPH)
|
Bottom of the 10th over - 0 runs, 1 hit, 0 errors, 2 left on base; Binghamton 4 - Atlanta (MID) 4 |
TOP OF THE 11TH |
Binghamton Mets batting - Pitching for Atlanta (MID) Braves : LHP Justin Hawk
|
Pitching: RHP Ioakim Mozgo
|
|
Now at C: Andres Aldape
|
|
Now at 2B: George Provance
|
|
Batting: RHB Gang-sheng Chew
|
0-0: Swinging Strike 0-1: Called Strike 0-2: Strikes out swinging
|
Batting: LHB Zane Kelton
|
0-0: Called Strike 0-1: Ball 1-1: Foul Ball, location: 2F 1-2: Foul Ball, location: 2F 1-2: Ground out 5-3 (Groundball, 56, EV 80.6 MPH)
|
Batting: RHB Rich Cracchiolo
|
0-0: Ball 1-0: Ball 2-0: Fly out, F9 (Line Drive, 9LS, EV 106.9 MPH)
|
Top of the 11th over - 0 runs, 0 hits, 0 errors, 0 left on base; Binghamton 4 - Atlanta (MID) 4 |
BOTTOM OF THE 11TH |
Atlanta (MID) Braves batting - Pitching for Binghamton Mets : LHP Dan Bremseth
|
Pitching: LHP Joe Edwards
|
|
Batting: RHB Badr al Din Ridha
|
0-0: Called Strike 0-1: Fly out, F3 (Line Drive, 34, EV 71.9 MPH)
|
Batting: RHB Toki Takeuchi
|
0-0: Foul Ball, location: 2F 0-1: SINGLE (Groundball, 6MD, EV 97.5 MPH)
|
Batting: RHB Nick Holsinger
|
0-0: Called Strike Toki Takeuchi is caught stealing 2nd base 2-4 0-1: Fly out, F8 (Flyball, 8RD, EV 90.6 MPH)
|
Bottom of the 11th over - 0 runs, 1 hit, 0 errors, 0 left on base; Binghamton 4 - Atlanta (MID) 4 |
TOP OF THE 12TH |
Binghamton Mets batting - Pitching for Atlanta (MID) Braves : RHP Ioakim Mozgo
|
Batting: LHB Bayesa Mundhir
|
0-0: Called Strike 0-1: Swinging Strike 0-2: Ball 1-2: Ball 2-2: Ball 3-2: SINGLE (Flyball, 78S, EV 98.1 MPH)
|
Batting: RHB Oscar Bravo
|
0-0: Ball 1-0: Bunted foul 1-1: Bunted foul 1-2: Ball 2-2: Strikes out swinging
|
Batting: SHB Jason Evans
|
0-0: Ball 1-0: Ball Passed Ball! Bayesa Mundhir to second 2-0: Intentional Walk
|
Batting: SHB Chris Keziah
|
0-0: Swinging Strike 0-1: Foul Ball, location: 2F 0-2: Foul Ball, location: 2F 0-2: Foul Ball, location: 2F 0-2: Ball 1-2: SINGLE (Groundball, 34, EV 103.1 MPH) Bayesa Mundhir to third Jason Evans to second
|
Batting: RHB Nate Henderson
|
0-0: Called Strike 0-1: Swinging Strike 0-2: Strikes out looking
|
Batting: SHB Jerry Burrows
|
0-0: Called Strike 0-1: Foul Ball, location: 2F 0-2: Foul Ball, location: 2F 0-2: Strikes out looking
|
Top of the 12th over - 0 runs, 2 hits, 0 errors, 3 left on base; Binghamton 4 - Atlanta (MID) 4 |
BOTTOM OF THE 12TH |
Atlanta (MID) Braves batting - Pitching for Binghamton Mets : LHP Joe Edwards
|
Batting: RHB Zheng-ze King
|
0-0: Foul Ball, location: 2F 0-1: Swinging Strike 0-2: Strikes out swinging
|
Batting: SHB Richello Badua
|
0-0: Swinging Strike 0-1: Called Strike 0-2: SINGLE (Flyball, 78S, EV 93.1 MPH)
|
Batting: RHB George Provance
|
0-0: Ball 1-0: Swinging Strike 1-1: SINGLE (Groundball, 6M, EV 100.6 MPH) (infield hit) Richello Badua to second
|
Batting: LHB Oke Monti
|
0-0: Ball 1-0: Ball 2-0: Ball 3-0: Called Strike 3-1: Base on Balls Richello Badua to third George Provance to second
|
Batting: LHB Andres Aldape
|
0-0: Ball 1-0: Ball 2-0: Called Strike 2-1: Foul Ball, location: 2F 2-2: SINGLE (Groundball, 34D, EV 108.1 MPH) Richello Badua scores
|
Bottom of the 12th over - 1 run, 3 hits, 0 errors, 2 left on base; Binghamton 4 - Atlanta (MID) 5 |
|